AoeStats
← Comend x comend

Nomad

506222060Analyzed
4v4 RM · 20d ago on Sep 12, 2026· 38m 36s· 8 players
Game mode
Random Map
Map size
231×231
Population
200
Speed
Normal
Resources
Standard
Victory
Conquest
Starting age
Dark Age
Ending age
Imperial Age
RankedLock teamsTeams togetherTeam positionsShared explorationLock speedFull tech treeHidden civsTurbo modeCheats
Victory
Defeat
🇧🇷 Malay · Brazil
1374
+13
🇧🇷 Celts · Brazil
1349
+14
🇧🇷 Koreans · Brazil
1312
+17
🇧🇷 Gurjaras · Brazil
1232
+20
🇵🇪 Mongols · Peru
1322
-16
🇲🇽 Koreans · Mexico
1316
-16
🇦🇷 Spanish · Argentina
1307
-16
🇦🇺 Britons · Australia
1305
-16
.|.
9:00 Loom
11:26 Feudal Age
11:59 Double-Bit Axe
15:00 Forging
Rayno
3:01 Loom
15:35 Feudal Age
16:20 Double-Bit Axe
16:56 Gold Mining
19:27 Castle Age
17:46 Stone Mining
18:44 Town Watch
19:34 Wheelbarrow
18:54 Fletching
25:09 Bow Saw
25:37 Gold Shaft Mining
25:35 Bodkin Arrow
41:03 Imperial Age
Comend x comend
4:40 Loom
14:33 Feudal Age
19:54 Castle Age
18:15 Stone Mining
18:17 Double-Bit Axe
damiansima
6:07 Loom
14:40 Feudal Age
18:52 Castle Age
16:43 Double-Bit Axe
16:39 Horse Collar
17:28 Gold Mining
21:22 Bow Saw
27:53 Bloodlines
27:43 Husbandry
28:44 Stone Mining
29:22 Scale Barding Armor
29:28 Forging
30:53 Chain Barding Armor
EDINHO
3:50 Loom
14:57 Feudal Age
20:23 Castle Age
20:00 Double-Bit Axe
19:58 Horse Collar
21:29 Bloodlines
26:44 Forging
29:28 Wheelbarrow
32:06 Hand Cart
34:17 Hand Cart
Mike
5:16 Loom
13:35 Feudal Age
14:31 Double-Bit Axe
17:52 Castle Age
17:11 Man-at-Arms
17:57 Scale Mail Armor
17:59 Long Swordsman
18:27 Gambesons
19:01 Forging
19:08 Arson
25:34 Iron Casting
25:14 Chain Mail Armor
29:14 Chain Mail Armor
31:37 Horse Collar
35:11 Bow Saw
40:18 Imperial Age
37:43 Stone Mining
[ ] LordKing
3:07 Loom
13:16 Feudal Age
13:42 Fishing Lines
13:53 Double-Bit Axe
20:51 Castle Age
18:40 Horse Collar
18:53 Gold Mining
18:54 Stone Mining
21:22 Pikeman
22:05 Squires
22:49 Bow Saw
23:52 Town Watch
24:01 Elite Skirmisher
24:10 Elite Skirmisher
26:38 Fletching
29:40 Thumb Ring
29:32 Bodkin Arrow
31:10 Wheelbarrow
30:37 Heavy Plow
31:30 Gold Shaft Mining
32:13 Pikeman
32:38 Gambesons
33:32 Pikeman
33:58 Gambesons
34:14 Scale Mail Armor
34:25 Forging
36:18 Chain Mail Armor
36:39 Iron Casting
MAZZUCCO
5:29 Loom
15:12 Feudal Age
22:42 Castle Age
22:22 Double-Bit Axe
22:19 Horse Collar
24:56 Wheelbarrow
27:35 Man-at-Arms
29:03 Bow Saw
29:27 Hand Cart
29:14 Crossbowman
29:58 Fletching
30:31 Padded Archer Armor
31:51 Bodkin Arrow
32:24 Padded Archer Armor
34:33 Thumb Ring
35:06 Ballistics
37:55 Imperial Age
35:19 Pikeman
36:46 Arbalester
38:28 Chemistry
37:56 Bracer
Connection lost

Rejoining the realm…

Still unreachable

The connection could not be restored.

Session expired

The server has moved on; the page needs a fresh start.